 Dungeon Crawl Stone Soup version 0.31-a0-202-g547052bce9 (webtiles) character file.

Game seed: 10470138380985573476

614 qw the Skirmisher (level 7, -3/40 HPs)
             Began as a Deep Elf Hunter on June 26, 2023.
             Slain by a river rat (6 damage)
             ... summoned by Eustachio
             ... on level 5 of the Dungeon.
             The game lasted 00:01:21 (3327 turns).

qw the Skirmisher (Deep Elf Hunter)                 Turns: 3327, Time: 00:01:21

Health: -3/40      AC:  6    Str: 10    XL:     7   Next: 20%
Magic:  9/9        EV: 11    Int: 14    God:
Gold:   132        SH:  0    Dex: 18    Spells: 6/6 levels left

rFire   . . .        Y - +1 shortbow
rCold   . . .        (shield currently unavailable)
rNeg    . . .        a - +0 ring mail
rPois   .            (no helmet)
rElec   .            (no cloak)
rCorr   .            b - +0 pair of gloves
SInv    .            (no boots)
Will    .....        (no amulet)
Stlth   +            (no ring)
HPRegen 0.26/turn    (no ring)
MPRegen 0.11/turn

%: no passive effects
@: no status effects
A: no striking features
a: no special abilities


You were on level 5 of the Dungeon.
You visited 1 branch of the dungeon, and saw 5 of its levels.

You collected 132 gold pieces.


   Skills:
 - Level 2.6 Fighting
 + Level 10.3 Ranged Weapons
 - Level 1.6 Armour
 - Level 3.0 Dodging
 - Level 1.2 Stealth


You had 6 spell levels left.
You didn't know any spells.
Your spell library was empty.

Inventory:

Hand Weapons
 Y - a +1 shortbow (weapon)
Armour
 a - a +0 ring mail (worn)
 b - a +0 pair of gloves (worn)
Scrolls
 e - a scroll of identify
Potions
 c - a potion of magic {unknown}
 d - a potion of brilliance {unknown}
 f - a potion of enlightenment {unknown}

Dungeon Overview and Level Annotations

Branches:
Dungeon (5/15)
 Temple: D:4-7

Altars:
The Shining One

Shops:
D:1 (

Annotations:
D:5 Eustachio


Message History

The iron imp barely misses you.
You shoot an arrow. The arrow hits the iron imp.
The iron imp is heavily wounded.
The river rat bites you. x2
Eustachio casts a spell.
You shoot an arrow. The arrow barely misses the iron imp.
The river rat closely misses you. The river rat barely misses you.
The ufetubus barely misses you.
The ufetubus hits you but does no damage.
The iron imp barely misses you. The river rat bites you.
The river rat bites you but does no damage.
You shoot an arrow.
The arrow hits the iron imp but does no damage.
The iron imp is heavily wounded.
The ufetubus hits you.
The ufetubus hits you but does no damage.
The iron imp summons a swarm of flies.
The iron imp closely misses you.
The river rat bites you but does no damage.
The river rat misses you.
You shoot an arrow. The arrow hits the iron imp.
The iron imp is severely wounded.
The iron imp closely misses you. The quasit bites you.
The quasit barely misses you.
The quasit claws you but does no damage.
The river rat bites you. x2
You shoot an arrow. The arrow hits the iron imp.
The iron imp is almost dead.
The iron imp disappears in a puff of smoke!
The quasit bites you but does no damage.
The quasit closely misses you. The quasit barely misses you.
The river rat bites you but does no damage.
The river rat closely misses you.
You shoot an arrow. The arrow hits the quasit.
The quasit is moderately wounded.
The quasit bites you but does no damage.
The quasit claws you but does no damage. x2
Eustachio mumbles some strange words.
Eustachio blinks!
The river rat bites you.
You die...

.... #... ..
.....#... ...
...#......####...
....#......#..$!.
.....##..#.@......
...#..#..#........
........r¤.......
.......5r@#.....#
#....¤5##.....#
###.....##.....##
#...(...........#
#......#...#....
##...).#...#..#.....
#.....##..#..#.....
#.......##...........
#.....#>.............


You could see Eustachio, a quasit (summoned), 2 river rats and an ufetubus
(summoned).

Vanquished Creatures
  2 phantoms
  2 scorpions
  A hound (D:3)
  2 orc priests
  2 iguanas (D:4)
  2 orc wizards (D:4)
  4 gnolls (D:2)
  3 adders
  An ufetubus (D:4)
  2 worms
  A dart slug (D:3)
  12 orcs
  2 bats
  5 endoplasms
  4 giant cockroaches
  8 hobgoblins
  3 jackals (D:2)
  10 kobolds
  2 quokkas
  4 ball pythons
  4 frilled lizards
  6 goblins
  4 rats
86 creatures vanquished.

Notes
Turn   | Place    | Note
-------+----------+-------------------------------------------
     0 | D:1      | qw the Deep Elf Hunter began the quest for the Orb.
     0 | D:1      | Reached XP level 1. HP: 12/12 MP: 3/3
     0 | D:1      | 0 ||| qw: Version: 0.3-a-22-g0ed2b0b
     0 | D:1      | 0 ||| qw: Game counter: 6161
     0 | D:1      | 0 ||| qw: Melee chars always use a shield: true
     0 | D:1      | 0 ||| qw: God list: Okawaru
     0 | D:1      | 0 ||| qw: Allow faded altars: false
     0 | D:1      | 0 ||| qw: Do Orc after clearing Dungeon:15 true
     0 | D:1      | 0 ||| qw: Do second Lair branch before Depths: true
     0 | D:1      | 0 ||| qw: Lair rune preference: random
     0 | D:1      | 0 ||| qw: Goals: Normal
     0 | D:1      | 0 ||| PLANNING D:1-11
   207 | D:1      | Reached skill level 6 in Ranged Weapons
   207 | D:1      | Reached XP level 2. HP: 16/16 MP: 4/4
   290 | D:1      | Found Puheishraruw's Weapon Emporium.
   612 | D:1      | 612 ||| DROPPING +6 ring of intelligence.
   613 | D:1      | 613 ||| READING scroll labelled LELLAIC RIMAB.
   614 | D:1      | 614 ||| DRINKING 2 green potions.
   615 | D:1      | 615 ||| DROPPING scroll of butterflies.
   744 | D:2      | Reached XP level 3. HP: 20/20 MP: 5/5
   749 | D:2      | Reached skill level 7 in Ranged Weapons
   752 | D:2      | HP: 4/20 [gnoll/+0 spear (4)]
   753 | D:2      | 753 ||| DRINKING potion of heal wounds.
   761 | D:2      | Reached XP level 4. HP: 12/25 MP: 6/6
  1322 | D:2      | 1322 ||| UPGRADING to +0 ring mail.
  1332 | D:2      | 1332 ||| DROPPING +0 leather armour.
  1333 | D:2      | 1333 ||| READING scroll labelled PEREXT IPOCISM.
  1390 | D:3      | Found a glowing golden altar of the Shining One.
  1586 | D:3      | Reached skill level 8 in Ranged Weapons
  1640 | D:3      | Reached XP level 5. HP: 21/29 MP: 7/7
  1807 | D:3      | 1807 ||| DROPPING ring of flight.
  1808 | D:3      | 1808 ||| READING scroll labelled DITANAUGOI.
  1809 | D:3      | 1809 ||| READING 2 scrolls labelled ZUHERCH LAECS.
  1811 | D:3      | 1811 ||| Stepping ~*~*~tactically~*~*~ (cloud).
  1817 | D:3      | HP: 7/29 [poisoned by you (poison gas)]
  1953 | D:4      | 1953 ||| FLEEEEING.
  1954 | D:4      | 1954 ||| FLEEEEING.
  1955 | D:4      | 1955 ||| FLEEEEING.
  1956 | D:4      | 1956 ||| STAIRDANCE
  1956 | D:4      | HP: 5/29 [orc priest/divine providence (15)]
  2062 | D:4      | 2062 ||| STAIRDANCE
  2130 | D:4      | 2130 ||| STAIRDANCE
  2135 | D:3      | Reached skill level 9 in Ranged Weapons
  2197 | D:4      | Noticed a phantom
  2208 | D:4      | Killed a phantom
  2209 | D:4      | Reached XP level 6. HP: 35/36 MP: 8/8
  2243 | D:4      | 2243 ||| Stepping ~*~*~tactically~*~*~ (outnumbered).
  2322 | D:4      | 2322 ||| READING scroll labelled VUORAS QAUR.
  2412 | D:4      | Reached skill level 10 in Ranged Weapons
  2619 | D:4      | 2619 ||| UPGRADING to +0 pair of gloves.
  2624 | D:4      | 2624 ||| READING scroll labelled EQEITW RYRY.
  2625 | D:4      | 2625 ||| READING scroll labelled COOXAIN KURUFO.
  2642 | D:4      | Reached skill level 3 in Dodging
  3106 | D:5      | Entered Level 5 of the Dungeon
  3165 | D:5      | Reached skill level 1 in Armour
  3165 | D:5      | Reached XP level 7. HP: 22/40 MP: 9/9
  3172 | D:5      | HP: 10/40 [poisoned by a scorpion]
  3297 | D:5      | Noticed Eustachio
  3317 | D:5      | HP: 9/40 [river rat[Eustachio] (4)]
  3318 | D:5      | 3318 ||| DRINKING potion of heal wounds.
  3325 | D:5      | HP: 7/40 [river rat[Eustachio] (4)]
  3325 | D:5      | HP: 2/40 [river rat[Eustachio] (5)]
  3327 | D:5      | Slain by a river rat

Levels and vault maps discovered:
D:1:      amcnicky_arrival_double_pillar, layout_loops_ring, serial_shops,
          nicolae_shop_bloodbath_and_beyond
D:2:      layout_basic, grunt_decor_cap
D:3:      layout_rooms, tso_metal_star
D:4:      layout_rooms, serial_co_window_serial, co_window_of_opportunity_a,
          co_window_of_opportunity_a, co_window_paths_a, co_window_paths_a,
          co_window_corner_a, co_window_corner_a, co_window_paths_b,
          co_window_paths_b, co_window_paths_a, co_window_2corner,
          co_window_of_opportunity_b, co_window_corner_b, co_window_4corner_b,
          co_window_paths_d, glass_columns_a, glass_columns_a, glass_columns_a
D:5:      layout_cave_pools, nemelex_xobeh_ov_fountains_minmay, uniq_menkaure,
          uniq_eustachio

Skill      XL: |  1  2  3  4  5  6 |
---------------+-------------------+-----
Ranged Weapons | 6 7 8 9 10 | 10.3
Fighting       | 2 |  2.6
Dodging        | 3 |  3.0
Armour         | 1 |  1.6
Stealth        | |  1.2

Action                     |  1- 3 |  4- 6 |  7- 9 || total
---------------------------+-------+-------+-------++-------
   Fire: Shortbow          |    68 |   206 |    37 ||   311
    Use: Potion            |     2 |       |     1 ||     3
         Scroll            |     1 |     6 |       ||     7
 Armour: Leather armour    |    13 |     1 |       ||    14
         Ring mail         |       |    28 |    18 ||    46
  Dodge: Dodged            |    31 |    58 |    35 ||   124

Table legend:
 A = Non-vault XP
 B = Vault XP
 C = Vault XP percentage of total XP
 D = Non-vault monster count
 E = Vault monster count
 F = Vault count percentage of total count
                 A         B        C        D         E       F
            +---------+---------+-------+---------+---------+-------
      Total |     878 |       0 |   0.0 |      86 |       0 |   0.0
            +---------+---------+-------+---------+---------+-------
        D:1 |      23 |       0 |   0.0 |      15 |       0 |   0.0
        D:2 |      89 |       0 |   0.0 |      22 |       0 |   0.0
        D:3 |     141 |       0 |   0.0 |      18 |       0 |   0.0
        D:4 |     445 |       0 |   0.0 |      29 |       0 |   0.0
        D:5 |     180 |       0 |   0.0 |       2 |       0 |   0.0
            +---------+---------+-------+---------+---------+-------
